 Dungeon Sprint DCSS version 0.32-a0-42-ga30500b4d3 (webtiles) character file.

Game seed: 13787188751375111423

682 rocky1 the Basher (level 7, -2/51 HPs)
             Began as a Gargoyle Fighter on Jan 27, 2024.
             Was an Initiate of Gozag.
             Slain by a tyrant leech (25 damage)
             ... in the Dungeon (Sprint VII: "The Pits").
             The game lasted 00:02:24 (657 turns).

rocky1 the Basher (Gargoyle Fighter)                 Turns: 657, Time: 00:02:25

Health: -2/51      AC: 20    Str: 21    XL:     7   Next: 61%
Magic:  7/7        EV:  7    Int:  9    God:    Gozag
Gold:   999        SH:  5    Dex:  9    Spells: 6/6 levels left

rFire   . . .        q - +2 flail (heavy)
rCold   . . .        c - +0 buckler
rNeg    + . .        p - +2 plate armour
rPois   ∞            (no helmet)
rElec   +            (no cloak)
rCorr   .            (no gloves)
SInv    .            (no boots)
Will    .....        (no amulet) Stlth
                     (no ring)
HPRegen 0.28/turn    (no ring)
MPRegen 0.10/turn

%: no teleportation
@: no status effects
A: sickness immunity, AC +4, negative energy resistance 1, electricity
resistance, torment resistance 1, petrification resistance
a: Renounce Religion, Potion Petition, Call Merchant, Bribe Branch


You were in the Dungeon.
You worshipped Gozag.
Gozag was pleased with you.
You visited 1 branch You collected 999 gold pieces.

Inventory:

Hand Weapons
 a - a +0 flail
 q - a +2 heavy flail (weapon)
Armour
 b - a +0 scale mail
 c - a +0 buckler (worn)
 p - a +2 plate armour (worn)
Wands
 o - a wand of polymorph (12)
Scrolls
 j - a scroll of blinking
 l - 2 scrolls of vulnerability
 m - 5 scrolls of amnesia
 n - a scroll of summoning
Potions
 d - a potion of might
 e - 6 potions of curing
 f - 6 potions of heal wounds
 g - a potion of haste
 h - 4 potions of magic
 i - 3 potions of berserk rage
 k - 2 potions of invisibility


   Skills:
 + Level 9.4 Fighting
 * Level 10.6 Maces & Flails
 + Level 8.0 Armour
 + Level 2.3 Dodging
 - Level 0.4 Stealth
 + Level 7.1 Shields


You had 6 spell levels left.
You didn't know any spells.
Your spell library was empty.

Dungeon Overview and Level Annotations

Branches:
Dungeon (1/1)

Altars:
Ashenzari
Cheibriados
Dithmenos
Elyvilon
Fedhas
Gozag
Hepliaklqana
Kikubaaqudgha
Makhleb
Nemelex Xobeh
Okawaru
Qazlal
Ru
Sif Muna
Trog
Uskayaw
Vehumet
Wu Jian
Xom
Yredelemnul
Zin
The Shining One
Jiyva
Lugonu


Innate Abilities, Weirdness & Mutations

You are immune to sickness and miasma.
Your stone body is resilient. (AC +4)
You are immune to poison.
You resist negative energy. (rN+)
You are resistant to electric shocks. (rElec)
You are resistant to unholy torment.
You are immune to petrification.


Message History

You open the door.
A warg comes into view.
You hit the warg.
The warg is lightly wounded.
The warg barely misses you. x2
You thump the warg!
The warg is moderately wounded.
The warg bites you. The warg bites you but does no damage.
You sock the warg!
The warg is severely wounded.
The warg barely misses you. x2; The warg bites you!
You thump the warg!
The warg is almost dead.
The warg bites you. x2
You hit the warg but do no damage.
The warg is severely wounded.
The warg bites you!
* * * LOW HITPOINT WARNING * * *
The warg bites you.
* * * LOW HITPOINT WARNING * * *
You bludgeon the warg!!
You kill the warg!
Your Maces & Flails skill increases to level 10!
Your Armour skill increases to level 8!
You now have 999 gold pieces (gained 198).
There is an open door here.
You start resting.
HP restored.
You open the door.
A tyrant leech comes into view.
You miss the tyrant leech. The tyrant leech bites you!
You hit the tyrant leech.
The tyrant leech is lightly wounded.
The tyrant leech bites you!!
You hit the tyrant leech but do no damage.
The tyrant leech is lightly wounded.
The tyrant leech bites you but does no damage.
The tyrant leech bites you!!
You die...
Your body crumbles into a pile of gold.

#.#........##.......#
#)###########.......#
#.)#.#.## #########
#.......# ##.#.#.##
#.......#+#
##.#.#.##.+
#.......#w#
##.#.#..'@#
##########


You could see a tyrant leech.

Vanquished Creatures
  Sigmund (D)
  A warg (D)
  A black bear (D)
  A sky beast (D)
  2 scorpions (D)
  An iron imp (D)
  Ijyb (D)
  An adder (D)
  A gnoll (D)
  An adder zombie (D)
  An orc (D)
  An endoplasm (D)
  A giant cockroach (D)
  A goblin (D)
  A frilled lizard (D)
16 creatures vanquished.

Notes
Turn   | Place    | Note
-------+----------+-------------------------------------------
     0 | D        | rocky1 the Gargoyle Fighter began the quest for the Orb.
     0 | D        | Reached XP level 1. HP: 14/14 MP: 1/1
    16 | D        | Reached XP level 2. HP: 20/20 MP: 2/2
    42 | D        | Found a bloodstained altar of Trog.
    42 | D        | Found a shimmering blue altar of Sif Muna.
    42 | D        | Found a viscous altar of Jiyva.
    42 | D        | Found a hazy altar of Hepliaklqana.
    42 | D        | Found an opulent altar of Gozag.
    43 | D        | Found a glowing golden altar of the Shining One.
    43 | D        | Found a glowing silver altar of Zin.
    43 | D        | Found a basalt altar of Yredelemnul.
    43 | D        | Found a shimmering altar of Xom.
    43 | D        | Found an ornate altar of the Wu Jian Council.
    43 | D        | Found a sacrificial altar of Ru.
    43 | D        | Found a stormy altar of Qazlal.
    43 | D        | Found an iron altar of Okawaru.
    43 | D        | Found a sparkling altar of Nemelex Xobeh.
    43 | D        | Found a burning altar of Makhleb.
    43 | D        | Found a blossoming altar of Fedhas.
    43 | D        | Found a white marble altar of Elyvilon.
    43 | D        | Found a shadowy altar of Dithmenos.
    43 | D        | Found a snail-covered altar of Cheibriados.
    46 | D        | Found a corrupted altar of Lugonu.
    46 | D        | Found a radiant altar of Vehumet.
    47 | D        | Found an ancient bone altar of Kikubaaqudgha.
    47 | D        | Found a hide-covered altar of Uskayaw.
    47 | D        | Found a broken altar of Ashenzari.
    50 | D        | Became a worshipper of Gozag Ym Sagoz the Greedy
    63 | D        | Noticed a scorpion
    73 | D        | Killed a scorpion
    74 | D        | Reached skill level 5 in Fighting
    74 | D        | Reached skill level 3 in Maces & Flails
    74 | D        | Reached skill level 5 in Armour
    74 | D        | Reached skill level 5 in Shields
    74 | D        | Reached XP level 3. HP: 16/27 MP: 3/3
    74 | D        | Reached XP level 4. HP: 19/32 MP: 4/4
   259 | D        | Noticed Ijyb
   276 | D        | Killed Ijyb
   277 | D        | Reached skill level 4 in Maces & Flails
   340 | D        | Noticed Sigmund
   341 | D        | Noticed a scorpion
   341 | D        | Noticed a black bear
   342 | D        | Noticed a sky beast
   353 | D        | Killed a black bear
   354 | D        | Reached skill level 6 in Maces & Flails
   354 | D        | Reached skill level 1 in Dodging
   354 | D        | Reached XP level 5. HP: 27/38 MP: 5/5
   357 | D        | Reached skill level 7 in Maces & Flails
   357 | D        | Reached XP level 6. HP: 26/44 MP: 6/6
   363 | D        | Killed a sky beast
   364 | D        | Reached skill level 8 in Maces & Flails
   371 | D        | Killed Sigmund
   372 | D        | Reached skill level 9 in Maces & Flails
   372 | D        | Reached XP level 7. HP: 19/51 MP: 7/7
   499 | D        | Noticed a warg
   505 | D        | Killed a warg
   506 | D        | Reached skill level 10 in Maces & Flails
   654 | D        | Noticed a tyrant leech
   657 | D        | Slain by a tyrant leech

Illustrated notes

Levels and vault maps discovered:
D:        pitsprint [storerooms_1, entrance_room_1, metal_vault_3, armoury_3,
          mini_pit_1, grid_room_1, main_hall_1, silver_pit, the_coven_3,
          the_vestibule_1, steel_vault_3, golden_pit, hallway_of_sentries,
          crystal_vault_4, iron_vault_4, final_vault]

Skill      XL: |  1  2  3  4  5  6  7 |
---------------+----------------------+-----
Fighting       | 4 5 7 9 |  9.4
Armour         | 4 5 6 7 8 |  8.0
Shields        | 4 5 6 7 |  7.1
Maces & Flails | 3 6 7 9 10 | 10.6
Dodging        | 1 2 |  2.3
Stealth        | |  0.4

Action                     |  1- 3 |  4- 6 |  7- 9 || total
---------------------------+-------+-------+-------++-------
  Melee: Flail             |    12 |    60 |     9 ||    81
   Stab: Distracted        |       |     1 |       ||     1
 Armour: Scale mail        |    11 |    20 |       ||    31
         Plate armour      |       |    26 |    11 ||    37
  Dodge: Dodged            |     4 |    26 |     4 ||    34
  Block: Buckler           |     2 |    15 |       ||    17

Table legend: (Time is in decaauts)
 A = Elapsed time spent in this place.
 B = Non-inter-level travel time spent in this place.
 C = Inter-level travel time spent in this place.
 D = Time resting spent in this place.
 E = Time spent auto-exploring this place.
 F = Levels seen in this place.
 G = Mean time per level.
                   A        B        C        D        E       F      G
               +--------+--------+--------+--------+--------+-----+--------+
         Total |    686 |    667 |     19 |    392 |      0 |   1 |  686.0 |
       Dungeon |    686 |    667 |     19 |    392 |      0 |   1 |  686.0 |
               +--------+--------+--------+--------+--------+-----+--------+

Top non-repeatable levels by time:
       D: 686 daAuts
